 Dungeon Crawl Stone Soup version 0.28-a0-1074-g3cb2360906 (webtiles) character file.

Game seed: 8339173230944549931

53 GenialerGandalf the Skirmisher (level 3, 0/33 HPs)
             Began as a Hill Orc Fighter on Dec 9, 2021.
             Blown up by Ijyb (12 damage)
             ... with a mindburst bolt
             ... on level 3 of the Dungeon.
             The game lasted 00:03:00 (914 turns).

GenialerGandalf the Skirmisher (Hill Orc Fighter)    Turns: 914, Time: 00:03:00

Health: 0/33       AC:  7    Str: 20    XL:     3   Next: 89%
Magic:  3/3        EV:  9    Int:  8    God:
Gold:   34         SH:  4    Dex: 10    Spells: 2/2 levels left

rFire   . . .      SeeInvis .   a - +0 war axe
rCold   . . .      Faith    .   c - +0 buckler
rNeg    . . .      Spirit   .   b - +0 scale mail
rPois   .          Reflect  .   (no helmet)
rElec   .          Harm     .   (no cloak)
rCorr   .          Rampage  .   (no gloves)
Will    .....                   (no boots)
Stlth   ..........              (no amulet)
HPRegen 0.11/turn               (no ring)
MPRegen 0.08/turn               (no ring)

@: no status effects
A: no striking features
a: no special abilities


You were on level 3 of the Dungeon.
You visited 1 branch of the dungeon, and saw 3 of its levels.

You collected 34 gold pieces.

Inventory:

Hand Weapons
 a - a +0 war axe (weapon)
Missiles
 f - a throwing net (quivered)
Armour
 b - a +0 scale mail (worn)
 c - a +0 buckler (worn)
Scrolls
 e - a scroll of brand weapon {unknown}
 g - a scroll of blinking {unknown}
 h - a scroll of magic mapping {unknown}
 j - a scroll of identify {unknown}
Potions
 d - a potion of might
 i - a potion of brilliance {unknown}
 k - a potion of attraction {unknown}


   Skills:
 + Level 4.0 Fighting
 + Level 3.8 Axes
 + Level 3.7 Armour
 + Level 0.1 Dodging
 + Level 3.9 Shields


You had 2 spell levels left.
You didn't know any spells.
Your spell library was empty.

Dungeon Overview and Level Annotations

Branches:
Dungeon (3/15)

Altars:

Annotations:
D:3 Ijyb


Message History

You see here 16 stones.
You see here a +0 leather armour.
You see here a +0 leather armour.
g - a scroll labelled LOCHUHIOZI
Found a stone staircase leading down.
Found a robe.
You see here a +0 robe.
You see here a +0 robe.
h - a scroll labelled USANAN KARGHERPH An adder comes into view.
The adder hisses angrily.
The adder misses you.
You see here 12 gold pieces.
You miss the adder. The adder barely misses you. The adder misses you.
You barely miss the adder. You block the adder's attack.
The adder bites you but does no damage.
You hit the adder.
The adder is heavily wounded.
The adder bites you.
You hit the adder.
The adder is almost dead.
The adder bites you. The adder barely misses you.
You hit the adder.
You kill the adder!
You now have 34 gold pieces (gained 12).
An orc comes into view.
It is wielding a +0 short sword of venom.
The orc shouts!
You slash the orc!
You kill the orc!
You see here a +0 short sword of venom.
Found a fuming golden potion.
i - a fuming golden potion
Found 5 atropa-tipped darts.
j - a scroll labelled UFIELI JONAC
k - a metallic green potion Ijyb the Twisted Goblin comes into view.
She is wielding a +0 dagger and carrying a wand of mindburst (9).
Ijyb zaps a wand.
Your mind is blasted!
Ouch! That really hurt!
You barely miss Ijyb.
Ijyb zaps a wand.
Your mind is blasted!
You die...

#..######.##.#.##
#.......)......##
#..#.............
#..#.####........
##..#.# ####.....
#.....# #######.#
#...### #........
#...######.###.###
#@.........# #.# #
#g#.######## #.# #
#.#.# ##.### #.#.#
####...##
#.#.######........
#.#.....##.##...##
#.#####.##.###.##
#.# #.##.# #.###
#.#####.##.###....


You could see Ijyb.

Vanquished Creatures
  Terence (D:2)
  An adder (D:3)
  An orc (D:3)
  2 ball pythons (D:3)
  A bat (D:3)
  An endoplasm (D:1)
  A giant cockroach (D:2)
  2 goblins (D:1)
  4 hobgoblins
  A kobold (D:1)
  A frilled lizard (D:1)
16 creatures vanquished.

Notes
Turn   | Place    | Note
-------+----------+-------------------------------------------
     0 | D:1      | GenialerGandalf the Hill Orc Fighter began the quest for
                  | the Orb.
     0 | D:1      | Reached XP level 1. HP: 19/19 MP: 1/1
    80 | D:1      | Reached XP level 2. HP: 20/27 MP: 2/2
   137 | D:2      | Noticed Terence
   150 | D:2      | Killed Terence
   151 | D:2      | Reached XP level 3. HP: 12/33 MP: 3/3
   373 | D:3      | Reached skill level 4 in Fighting
   912 | D:3      | Noticed Ijyb
   914 | D:3      | Blown up by Ijyb

Illustrated notes

Levels and vault maps discovered:
D:1:      dpeg_arrival_morbid_curiosity, layout_basic
D:2:      cheibrodos_pilgrimage, layout_basic,
          ebering_ecumenical_altar_petrified, serial_shops, shop,
          kennysheep_nondescript, uniq_terence, uniq_crazy_yiuf_cottage
D:3:      layout_loops_ring, uniq_ijyb

Skill      XL: |  1  2  3 |
---------------+----------+-----
Axes           | 3 |  3.8
Fighting       | 4 |  4.0
Armour         | |  3.7
Dodging        | |  0.1
Shields        | |  3.9

Action                   || total
-------------------------++-------
Melee: War axe           ||    52
Armor: Scale mail        ||    26
Dodge: Dodged            ||    33
Block: Buckler           ||    15

Table legend: (Time is in decaauts)
 A = Elapsed time spent in this place.
 B = Non-inter-level travel time spent in this place.
 C = Inter-level travel time spent in this place.
 D = Time resting spent in this place.
 E = Time spent auto-exploring this place.
 F = Levels seen in this place.
 G = Mean time per level.
                   A        B        C        D        E       F      G
               +--------+--------+--------+--------+--------+-----+--------+
         Total |    930 |    914 |     16 |    198 |    400 |   3 |  310.0 |
       Dungeon |    930 |    914 |     16 |    198 |    400 |   3 |  310.0 |
               +--------+--------+--------+--------+--------+-----+--------+

Top non-repeatable levels by time:
     D:3: 551 daAuts
     D:2: 244 daAuts
     D:1: 134 daAuts
